 Dungeon Crawl Stone Soup version 0.17.0-28-g6e173f8 (webtiles) character file.

289 M4edhros the Sneak (level 6, -9/42 HPs)
             Began as an Octopode Chaos Knight on Nov 26, 2015.
             Mangled by an ogre
             ... wielding a +0 giant club
              (24 damage)
             ... on level 4 of the Dungeon.
             The game lasted 00:07:18 (2925 turns).

M4edhros the Sneak (Octopode Chaos Knight)          Turns: 2925, Time: 00:07:18

Health: -9/42      AC:  1    Str: 13    XL:     6   Next: 31%
Magic:  5/5        EV: 12    Int: 12    God:    Xom [.*....]
Gold:   143        SH:  0    Dex: 14    Spells: 0 memorised, 5 levels left

rFire  . . .     SeeInvis .     f - +0 dagger (venom)
rCold  . . .     Clarity  .     (no shield)
rNeg   . . .     SustAt   .     (helmet restricted)
rPois  .         Gourm    .     (no amulet)
rElec  .         Spirit   .     e - ring of teleportation
rCorr  .         Warding  .     (no ring)
rMut   .         Rnd*Tele +     (no ring)
MR     .....                    (no ring)
Stlth  +++++.....               (no ring)
                                (no ring)
                                (no ring)
                                (no ring)

@: hasted, very quick, not resistant to hostile enchantments, quite stealthy
A: almost no armour, amphibious, 8 rings, constrict 8, camouflage 1, blurry
vision 1, deterioration 1, dopey 1, low mp 1, screaming 1, strong 1, gelatinous
body 1
a: Renounce Religion, Evoke Teleportation


You were on level 4 of the Dungeon.
You worshipped Xom.
You were a plaything of Xom.
You were not hungry.

You visited 1 branch of the dungeon, and saw 4 of its levels.

You collected 143 gold pieces.

Inventory:

Hand Weapons
 a - a +0 spear of chaos
 f - a +0 dagger of venom (weapon)
 l - a +0 blowgun
Missiles
 d - 57 stones (quivered)
 m - 31 poisoned needles
Jewellery
 e - a ring of teleportation (left tentacle)
Scrolls
 g - a scroll of recharging
 j - a scroll of identify
Potions
 h - a potion of degeneration {unknown}
 n - a potion of poison {unknown}
Comestibles
 b - a bread ration
 c - a meat ration
 k - a fruit


   Skills:
 - Level 3.0 Fighting
 + Level 4.8 Polearms
 - Level 2.3 Dodging
 * Level 6.8 Stealth


You had 5 spell levels left.
You didn't know any spells.

Dungeon Overview and Level Annotations

Branches:
Dungeon (4/15)
 Temple: D:4-7

Altars:
Ru
Xom
The Shining One


Innate Abilities, Weirdness & Mutations

You cannot wear most types of armour.
You are amphibious.
You can wear up to eight rings at the same time.
You can use your tentacles to constrict eight enemies at once.
Your skin changes colour to match your surroundings (Stealth).
Your rubbery body absorbs attacks (AC +1).
Scrolls take you a little longer to read.
Your body sometimes deteriorates upon taking damage.
You are dopey. (Int -2)
Your magical capacity is low (-10% MP).
You occasionally shout uncontrollably at your foes.
Your muscles are strong. (Str +2)


Message History

The ogre is lightly wounded.
The giant cockroach barely misses you. The giant cockroach bites you. x2
Found a scroll of teleportation.
Found a stone staircase leading down.
The giant cockroach waves its antennae.
You see here 11 gold pieces.
The giant cockroach barely misses you.
Xom does a drum roll.
The giant cockroach bites you. The giant cockroach closely misses you.
You aren't carrying any items that can be evoked without being wielded.
Read which item? (? for menu, Esc to quit)
Okay, then.
Drink which item? (? for menu, Esc to quit)
You feel yourself speed up. The giant cockroach closely misses you.
The ogre hits you with a giant club!!
Ouch! That really hurt!
You die...
Xom chuckles heartily!

## #####. #. #.######.....
#.####### #........###. #.##....#
.#####..###. #.##....#
#######....#. ###### ####.##.s..#
#........#.#. .....# #......aO@.#
#.########.#. .....# #.......####
#....#...#.#. ....$###.....>.#
####.#.#.#.#.
.....#.........#########.#.#.#.#.
.....#...$.#####.......†.#.....#.
.....#.....# #.####.######.###.
..†..#.....### #.####.#...<......
.....#......?..#......##.#...####
.......##....#.#.....###)######


You could see an ogre, a worker ant and a giant cockroach.

Vanquished Creatures
  A phantom (D:3)
  An orc priest (D:3)
  2 iguanas
  A worker ant (D:4)
  3 adders
  3 worms
  2 giant geckos
  3 orcs (D:3)
  2 ball pythons
  10 bats
  A giant cockroach (D:2)
  3 hobgoblins
  11 jackals
  3 giant newts
  7 goblins
  9 kobolds
  6 rats
68 creatures vanquished.

Notes
Turn   | Place    | Note
--------------------------------------------------------------
     0 | D:1      | M4edhros the Octopode Chaos Knight began the quest for the Orb.
     0 | D:1      | Reached XP level 1. HP: 16/16 MP: 1/1
    61 | D:1      | Reached skill level 1 in Stealth
   197 | D:1      | XOM: divination: detect items
   295 | D:1      | Reached XP level 2. HP: 21/21 MP: 2/2
   565 | D:1      | XOM is BORED!
   565 | D:1      | XOM: give mutations
   565 | D:1      | Gained mutation: Your muscles are strong. (Str +2) [Xom's mischief]
   565 | D:1      | Gained mutation: Scrolls take you a little longer to read. [Xom's mischief]
   565 | D:1      | Gained mutation: You are dopey. (Int -2) [Xom's mischief]
   565 | D:1      | Gained mutation: You occasionally shout uncontrollably at your foes. [Xom's mischief]
   634 | D:1      | XOM: scenery: create altars
   830 | D:2      | Found a sacrificial altar of Ru.
   857 | D:2      | Reached XP level 3. HP: 26/26 MP: 3/3
  1320 | D:2      | XOM: give mutations
  1320 | D:2      | Gained mutation: Your magical capacity is low (-10% MP). [Xom's mischief]
  1320 | D:2      | Gained mutation: Your body sometimes deteriorates upon taking damage. [Xom's mischief]
  1385 | D:2      | XOM: medium Chrm miscast
  1537 | D:3      | XOM: smoke on damage
  1540 | D:3      | Reached skill level 4 in Stealth
  1540 | D:3      | Reached XP level 4. HP: 25/31 MP: 3/3
  1602 | D:3      | XOM: butterfly on damage
  1870 | D:3      | XOM: smoke on damage
  1871 | D:3      | XOM: divination: detect creatures
  1877 | D:3      | Reached XP level 5. HP: 13/36 MP: 4/4
  2047 | D:3      | Reached skill level 5 in Stealth
  2174 | D:3      | XOM: colour smoke trail
  2282 | D:3      | XOM: 1-stop teleportation journey
  2392 | D:3      | XOM: noise
  2468 | D:3      | Noticed a phantom
  2468 | D:3      | XOM: enchant monster (good)
  2471 | D:3      | Killed a phantom
  2471 | D:3      | Reached skill level 6 in Stealth
  2471 | D:3      | Reached XP level 6. HP: 42/42 MP: 5/5
  2639 | D:3      | Found a glowing golden altar of the Shining One.
  2805 | D:4      | XOM: noise
  2835 | D:4      | XOM: mild Hex miscast
  2919 | D:4      | XOM: noise
  2925 | D:4      | Mangled by an ogre

Action                   |  1- 3 |  4- 6 || total
-------------------------+-------+-------++-------
Melee: Spear             |    62 |       ||    62
       Dagger            |    10 |    72 ||    82
  Use: Potion            |     3 |     2 ||     5
       Scroll            |     1 |     3 ||     4
 Stab: Sleeping          |    17 |     5 ||    22
       Petrifying        |     1 |       ||     1
       Paralysed         |       |     2 ||     2
  Eat: Chunk             |     1 |     2 ||     3
       Meat ration       |       |     1 ||     1
